[Event "3rd FIDE WCCC Blitz U10 2019"]
[Site "Minsk"]
[Date "2019.08.18"]
[Round "5.2"]
[White "Rudnev, Andrei"]
[Black "Samunenkov, Ihor"]
[Result "1-0"]
[ECO "B02"]
[WhiteElo "1639"]
[BlackElo "1964"]
[Annotator "NA"]
[PlyCount "53"]
[EventDate "2019.08.18"]
[EventType "swiss"]
[EventCountry "BLR"]
[SourceTitle "playchess.com"]
[Source "ChessBase"]
[SourceQuality "1"]
[TimeControl "300+2"]

1. e4 Nf6 2. Nc3 d5 3. exd5 Nxd5 4. Bc4 c6 5. d4 e6 6. Nf3 Be7 7. O-O O-O 8. Nxd5 cxd5 9. Bd3 Nc6 10. c3 Rb8 11. Bf4 Bd6 12. Bxd6 Qxd6 13. Re1 h6 14. Ne5 b5 15. Qg4 Nxe5 16. dxe5 Qe7 17. Re3 b4 18. Rg3 f5 19. exf6 Rxf6 20. Re1 bxc3 21. bxc3 Bd7 22. Qd4 Rbf8 23. f3 Bc8 24. Qxd5 Qc7 25. Qd4 Rf4 26. Qe3 Qxc3 27. Bh7+ 1-0

[Event "3rd FIDE WCCC Blitz U10 2019"]
[Site "Minsk"]
[Date "2019.08.18"]
[Round "5.3"]
[White "Vershinin, Igor"]
[Black "Navoyan, Gagik"]
[Result "1-0"]
[ECO "A00"]
[WhiteElo "2188"]
[BlackElo "1698"]
[Annotator "NA"]
[PlyCount "69"]
[EventDate "2019.08.18"]
[EventType "swiss"]
[EventCountry "BLR"]
[SourceTitle "playchess.com"]
[Source "ChessBase"]
[SourceQuality "1"]
[TimeControl "300+2"]

1. a3 d5 2. Nf3 Nf6 3. c4 c6 4. cxd5 cxd5 5. d4 Bg4 6. h3 Bh5 7. Bf4 Nc6 8. e3 e6 9. Bd3 Bd6 10. Bxd6 Qxd6 11. O-O O-O 12. Nbd2 Rfe8 13. Qb3 Rab8 14. Rac1 e5 15. dxe5 Nxe5 16. Nxe5 Qxe5 17. Rfe1 Ne4 18. Nf1 Kh8 19. Be2 Bxe2 20. Rxe2 f5 21. Rd1 Nf6 22. Rd4 g5 23. h4 h6 24. hxg5 hxg5 25. Qd3 Rbd8 26. Ng3 Ne4 27. Nxe4 dxe4 28. Qd1 Rxd4 29. exd4 Qf6 30. Rd2 f4 31. Qh5+ Kg7 32. Qxe8 e3 33. fxe3 f3 34. Qd7+ Kh6 35. Qh3+ 1-0

[Event "3rd FIDE WCCC Blitz U10 2019"]
[Site "Minsk"]
[Date "2019.08.18"]
[Round "5.4"]
[White "Zverev, Lev"]
[Black "Nikulin, Aleksandr N."]
[Result "1-0"]
[ECO "C40"]
[WhiteElo "1881"]
[BlackElo "1270"]
[Annotator "NA"]
[PlyCount "89"]
[EventDate "2019.08.18"]
[EventType "swiss"]
[EventCountry "BLR"]
[SourceTitle "playchess.com"]
[Source "ChessBase"]
[SourceQuality "1"]
[TimeControl "300+2"]

1. e4 e5 2. Nf3 d5 3. exd5 e4 4. Nd4 Qxd5 5. Nb3 Nf6 6. Nc3 Qe5 7. Be2 Bd6 8. h3 O-O 9. Nb5 Be7 10. Nc3 a6 11. d4 exd3 12. cxd3 Rd8 13. d4 Qd6 14. O-O Nc6 15. Be3 Bf5 16. Qd2 Ne4 17. Nxe4 Bxe4 18. Rad1 Qg6 19. f3 Bf5 20. Kh1 Bd6 21. d5 Qg3 22. f4 Nb4 23. Nd4 Bxh3 24. Bf3 Bd7 25. a3 Nxd5 26. Bxd5 c5 27. Ne2 Qh4+ 28. Kg1 Bc6 29. Bxc6 bxc6 30. Nc3 Be5 31. Qe2 Bxc3 32. bxc3 Re8 33. Qf3 Qe7 34. Rfe1 Qf6 35. Bxc5 Rxe1+ 36. Rxe1 h6 37. Bd4 Qd6 38. Qg3 g6 39. Be5 Qxa3 40. Qh4 Qf8 41. Qf6 Kh7 42. Rd1 Ra7 43. Rd8 Qc5+ 44. Bd4 Qf5 45. Qh8# 1-0

[Event "3rd FIDE WCCC Blitz U10 2019"]
[Site "Minsk"]
[Date "2019.08.18"]
[Round "5.5"]
[White "Vetokhin, Savva"]
[Black "Misiuk, Martynas"]
[Result "1-0"]
[ECO "B36"]
[WhiteElo "2016"]
[BlackElo "1570"]
[Annotator "NA"]
[PlyCount "59"]
[EventDate "2019.08.18"]
[EventType "swiss"]
[EventCountry "BLR"]
[SourceTitle "playchess.com"]
[Source "ChessBase"]
[SourceQuality "1"]
[TimeControl "300+2"]

1. e4 c5 2. Nf3 g6 3. d4 cxd4 4. Nxd4 Nc6 5. c4 Nf6 6. Nc3 d6 7. Be3 Bg7 8. Be2 O-O 9. O-O a6 10. f3 Qc7 11. Qd2 Rd8 12. Rac1 Bd7 13. Nd5 Qb8 14. Nb6 Ra7 15. Nxd7 Rxd7 16. Nxc6 bxc6 17. Bxa7 Qxa7+ 18. Kh1 Qb7 19. Rfd1 d5 20. cxd5 cxd5 21. e5 Ne8 22. f4 Nc7 23. Qc3 f6 24. Bf3 Qb5 25. Bg4 f5 26. Bf3 e6 27. Qc6 Qxc6 28. Rxc6 Re7 29. Rdc1 Ne8 30. Rxa6 1-0

[Event "3rd FIDE WCCC Blitz U10 2019"]
[Site "Minsk"]
[Date "2019.08.18"]
[Round "5.6"]
[White "Plotnikov, Boris"]
[Black "Zimin, Artur"]
[Result "0-1"]
[ECO "A04"]
[WhiteElo "1258"]
[BlackElo "1672"]
[Annotator "NA"]
[PlyCount "82"]
[EventDate "2019.08.18"]
[EventType "swiss"]
[EventCountry "BLR"]
[SourceTitle "playchess.com"]
[Source "ChessBase"]
[SourceQuality "1"]
[TimeControl "300+2"]

1. Nf3 d6 2. b3 Nf6 3. Bb2 g6 4. g3 Bg7 5. Bg2 O-O 6. O-O Nc6 7. c4 e5 8. d3 Nd7 9. Nbd2 e4 10. Bxg7 exf3 11. Bxf8 fxg2 12. Bh6 gxf1=R+ 13. Nxf1 Qf6 14. Ne3 Nb6 15. Rb1 g5 16. Nd5 Qxh6 17. Ne3 Be6 18. d4 d5 19. c5 Nd7 20. b4 Qf6 21. Nc2 Bf5 22. b5 Bxc2 23. Qxc2 Nxd4 24. Qd2 Nxc5 25. Rc1 b6 26. Kg2 Re8 27. e3 Qf3+ 28. Kg1 Ne2+ 29. Kf1 Nxc1 30. Qxc1 Qh1+ 31. Ke2 Qxc1 32. a4 d4 33. h4 dxe3 34. Kf3 e2 35. Kg4 e1=N 36. hxg5 Ne4 37. g6 Qg5+ 38. Kh3 Nxf2+ 39. Kh2 Qh5+ 40. Kg1 Qh1+ 41. Kxf2 Qg2# 0-1

[Event "3rd FIDE WCCC Blitz U10 2019"]
[Site "Minsk"]
[Date "2019.08.18"]
[Round "6.1"]
[White "Zverev, Lev"]
[Black "Usov, Aleksandr E."]
[Result "0-1"]
[ECO "B15"]
[WhiteElo "1881"]
[BlackElo "1919"]
[Annotator "NA"]
[PlyCount "112"]
[EventDate "2019.08.18"]
[EventType "swiss"]
[EventCountry "BLR"]
[SourceTitle "playchess.com"]
[Source "ChessBase"]
[SourceQuality "1"]
[TimeControl "300+2"]

1. e4 c6 2. d4 d5 3. Nc3 dxe4 4. Nxe4 Nf6 5. Nxf6+ exf6 6. c3 Bd6 7. Bd3 O-O 8. Qc2 Re8+ 9. Ne2 h5 10. O-O h4 11. Be3 Nd7 12. h3 Nf8 13. c4 Be6 14. Nc3 Qd7 15. Ne4 Rad8 16. Nxd6 Qxd6 17. Rad1 a6 18. Be4 Bxc4 19. Qxc4 Rxe4 20. Qd3 Qd5 21. f3 Ree8 22. Bf2 Ne6 23. Bxh4 Nxd4 24. Kh1 Nf5 25. Qxd5 Rxd5 26. Bf2 Re2 27. Rb1 Rdd2 28. Kg1 Rxb2 29. Rxb2 Rxb2 30. a4 b5 31. Rc1 bxa4 32. Rxc6 a3 33. Rxa6 a2 34. Kh2 Rxf2 35. Ra5 Nd4 36. Kg3 Rb2 37. Ra8+ Kh7 38. Kf4 Re2 39. Ra3 g5+ 40. Kg3 Kg6 41. Kh2 Nxf3+ 42. Kg3 Ne5 43. Kh2 Nc6 44. Kg3 Re3+ 45. Rxe3 a1=Q 46. Kh2 Ne5 47. Re2 Qd4 48. Rxe5 fxe5 49. g4 Qf2+ 50. Kh1 e4 51. h4 e3 52. h5+ Kf6 53. h6 Qh4+ 54. Kg2 Qxg4+ 55. Kh2 Qh4+ 56. Kg2 Qxh6 0-1

[Event "3rd FIDE WCCC Blitz U10 2019"]
[Site "Minsk"]
[Date "2019.08.18"]
[Round "6.2"]
[White "Rudnev, Andrei"]
[Black "Vershinin, Igor"]
[Result "0-1"]
[ECO "B24"]
[WhiteElo "1639"]
[BlackElo "2188"]
[Annotator "NA"]
[PlyCount "138"]
[EventDate "2019.08.18"]
[EventType "swiss"]
[EventCountry "BLR"]
[SourceTitle "playchess.com"]
[Source "ChessBase"]
[SourceQuality "1"]
[TimeControl "300+2"]

1. e4 c5 2. Nc3 Nc6 3. g3 d6 4. Bg2 e5 5. d3 Nf6 6. f4 Be7 7. Nf3 O-O 8. O-O Bg4 9. h3 Bxf3 10. Bxf3 Nd4 11. f5 Nd7 12. Bg2 Bg5 13. Ne2 Bxc1 14. Rxc1 Qg5 15. Nxd4 exd4 16. Qf3 Ne5 17. Qf4 Qf6 18. g4 h6 19. Qg3 Qg5 20. Rf4 Qe7 21. h4 f6 22. Rf2 Kf7 23. Bf1 Ke8 24. Rg2 Kd7 25. c3 Rac8 26. c4 Kc7 27. a3 Kb8 28. b4 Qc7 29. Qf2 Qb6 30. Rb1 Qa6 31. Qb2 Nf3+ 32. Kf2 Ne5 33. Qb3 Qc6 34. b5 Qb6 35. a4 Qa5 36. Rd1 Nd7 37. Kg3 Nb6 38. Ra2 Nd7 39. Qb2 Ne5 40. Qd2 Qxd2 41. Rdxd2 b6 42. a5 Kb7 43. Rd1 Ra8 44. Rda1 Rfd8 45. Kf4 Re8 46. Be2 Nf7 47. Bf3 Ne5 48. Be2 Nf7 49. Bf1 Ne5 50. Kg3 Re7 51. Kf4 g6 52. axb6 g5+ 53. hxg5 hxg5+ 54. Kg3 Ree8 55. Rxa7+ Rxa7 56. bxa7 Ra8 57. Be2 Rxa7 58. Rh1 Kb6 59. Rh6 Rf7 60. Bf1 Ka5 61. Kf2 Kb4 62. Be2 Ka5 63. Ke1 Kb4 64. Kd2 Ka5 65. Kc2 Kb4 66. Rh8 Ra7 67. Rh6 Ra2+ 68. Kd1 Kc3 69. Rxf6 Ra1# 0-1

[Event "3rd FIDE WCCC Blitz U10 2019"]
[Site "Minsk"]
[Date "2019.08.18"]
[Round "6.3"]
[White "Zimin, Artur"]
[Black "Vetokhin, Savva"]
[Result "0-1"]
[ECO "A45"]
[WhiteElo "1672"]
[BlackElo "2016"]
[Annotator "NA"]
[PlyCount "90"]
[EventDate "2019.08.18"]
[EventType "swiss"]
[EventCountry "BLR"]
[SourceTitle "playchess.com"]
[Source "ChessBase"]
[SourceQuality "1"]
[TimeControl "300+2"]

1. d4 Nf6 2. Bf4 c5 3. e3 Qb6 4. Nc3 d6 5. Rb1 Nc6 6. Nf3 e6 7. Be2 Be7 8. O-O O-O 9. h3 d5 10. dxc5 Qxc5 11. Nb5 Ne8 12. Nbd4 Bd6 13. Bxd6 Nxd6 14. Nxc6 bxc6 15. Bd3 Ne8 16. c3 Nf6 17. Qc2 Rd8 18. e4 dxe4 19. Bxe4 Nxe4 20. Qxe4 Bb7 21. Rbd1 Qa5 22. a3 Qb6 23. Ng5 g6 24. Qh4 h5 25. Qf4 Rf8 26. Rd7 f6 27. Nxe6 Rf7 28. Rxf7 Kxf7 29. Qc4 Ba6 30. Nd8+ Kg7 31. Qf7+ Kh6 32. Ne6 Qb7 33. Qxb7 Bxb7 34. Rd1 Re8 35. Nc5 Bc8 36. Rd6 Re2 37. Rxc6 Bf5 38. Rxf6 Rxb2 39. a4 Rc2 40. Ne6 Rxc3 41. Nd4 Be4 42. f3 Bd3 43. Kh2 Rc4 44. Ne6 Rxa4 45. Rf7 Bc4 0-1

[Event "3rd FIDE WCCC Blitz U10 2019"]
[Site "Minsk"]
[Date "2019.08.18"]
[Round "6.4"]
[White "Samunenkov, Ihor"]
[Black "Korovko, Iakov"]
[Result "0-1"]
[ECO "A45"]
[WhiteElo "1964"]
[BlackElo "1373"]
[Annotator "NA"]
[PlyCount "35"]
[EventDate "2019.08.18"]
[EventType "swiss"]
[EventCountry "BLR"]
[SourceTitle "playchess.com"]
[Source "ChessBase"]
[SourceQuality "1"]
[TimeControl "300+2"]

1. d4 Nf6 2. g3 e6 3. Bg2 d5 4. Nf3 Bd6 5. c4 O-O 6. O-O dxc4 7. Qa4 a6 8. Qxc4 b5 9. Qc2 Bb7 10. Bd2 Nbd7 11. Ba5 Rc8 12. Nbd2 Be7 13. e4 Qe8 14. Rac1 Nb6 15. b4 Nfd7 16. Ne5 Nb8 17. Nc6 Qd7 18. Na7 0-1

[Event "3rd FIDE WCCC Blitz U10 2019"]
[Site "Minsk"]
[Date "2019.08.18"]
[Round "6.5"]
[White "Novozhilov, Semen"]
[Black "Gusev, Mikhail"]
[Result "0-1"]
[ECO "A43"]
[WhiteElo "1686"]
[BlackElo "1598"]
[Annotator "NA"]
[PlyCount "100"]
[EventDate "2019.08.18"]
[EventType "swiss"]
[EventCountry "BLR"]
[SourceTitle "playchess.com"]
[Source "ChessBase"]
[SourceQuality "1"]
[TimeControl "300+2"]

1. d4 Nf6 2. Nf3 c5 3. d5 g6 4. Nc3 Bg7 5. e4 O-O 6. e5 Ne8 7. h4 d6 8. e6 fxe6 9. h5 Nf6 10. hxg6 hxg6 11. Qd3 Qe8 12. Nh4 Nxd5 13. Nxg6 Rf6 14. Nxd5 exd5 15. Nf4 Bf5 16. Qg3 e6 17. Be2 Bxc2 18. Bh5 Qa4 19. Bg4 Qe4+ 20. Be3 d4 21. Nh5 Rg6 22. Bf3 Rxg3 23. Bxe4 Rxe3+ 24. fxe3 Bxe4 25. exd4 cxd4 26. Nxg7 Kxg7 27. Rh4 d5 28. Ke2 Nc6 29. a3 Rf8 30. b4 d3+ 31. Ke3 Ne5 32. Rc1 Rf7 33. Rc8 a6 34. Rch8 Kf6 35. R8h6+ Ke7 36. R6h5 Nc4+ 37. Kd4 e5+ 38. Kc3 d2 39. Rxe5+ Nxe5 40. Kxd2 Rf2+ 41. Ke3 Rxg2 42. Rh5 Rg3+ 43. Kd4 Nf3+ 44. Kc5 Nd2 45. Kb6 Rxa3 46. Kxb7 a5 47. bxa5 Rxa5 48. Re5+ Kd6 49. Rh5 d4+ 50. Kb6 Rxh5 0-1

[Event "3rd FIDE WCCC Blitz U10 2019"]
[Site "Minsk"]
[Date "2019.08.18"]
[Round "6.6"]
[White "Navoyan, Gagik"]
[Black "Tiulyagin, Matvey"]
[Result "1-0"]
[ECO "C00"]
[WhiteElo "1698"]
[BlackElo "1348"]
[Annotator "NA"]
[PlyCount "63"]
[EventDate "2019.08.18"]
[EventType "swiss"]
[EventCountry "BLR"]
[SourceTitle "playchess.com"]
[Source "ChessBase"]
[SourceQuality "1"]
[TimeControl "300+2"]

1. e4 e6 2. d4 b6 3. c4 Bb7 4. Nc3 Bb4 5. d5 exd5 6. exd5 Nf6 7. Nf3 O-O 8. Be2 d6 9. O-O Nbd7 10. Bg5 Bxc3 11. bxc3 Nc5 12. Nd4 Nce4 13. Qc1 Re8 14. Bd3 Qd7 15. f3 Nxg5 16. Qxg5 h6 17. Qg3 Nh5 18. Qh4 Nf6 19. Nf5 Re5 20. Nxh6+ gxh6 21. Qxf6 Rg5 22. Qxh6 Rg7 23. Rae1 Bc8 24. Re4 f5 25. Rh4 Kf7 26. Re1 Qd8 27. Qh5+ Kf8 28. Bxf5 Bxf5 29. Qxf5+ Kg8 30. Qe6+ Rf7 31. Rg4+ Kf8 32. Qh6+ 1-0

[Event "3rd FIDE WCCC Blitz U10 2019"]
[Site "Minsk"]
[Date "2019.08.18"]
[Round "7.1"]
[White "Usov, Aleksandr E."]
[Black "Vershinin, Igor"]
[Result "1-0"]
[ECO "B22"]
[WhiteElo "1919"]
[BlackElo "2188"]
[Annotator "NA"]
[PlyCount "190"]
[EventDate "2019.08.18"]
[EventType "swiss"]
[EventCountry "BLR"]
[SourceTitle "playchess.com"]
[Source "ChessBase"]
[SourceQuality "1"]
[TimeControl "300+2"]

1. e4 c5 2. c3 d5 3. exd5 Qxd5 4. d4 cxd4 5. Nf3 Bg4 6. Qa4+ Nc6 7. Nxd4 e5 8. Nxc6 Bd7 9. Qc4 Qxc4 10. Bxc4 Bxc6 11. f3 Nf6 12. Be3 Bd6 13. Nd2 O-O 14. Kf2 Rac8 15. Bxa7 b5 16. Bd3 Rfd8 17. Bf5 Ra8 18. Be3 Bc5 19. Rhd1 Bxe3+ 20. Kxe3 Nd5+ 21. Kf2 Nf4 22. g3 Nd3+ 23. Bxd3 Rxd3 24. Ke2 Rad8 25. Ne4 R3d5 26. Rxd5 Bxd5 27. b3 Ra8 28. Nc5 Kf8 29. a4 bxa4 30. Rxa4 Rc8 31. b4 Ke7 32. Ra7+ Kd6 33. Ke3 h5 34. h4 g6 35. Ra6+ Ke7 36. Ra1 f5 37. Ra6 Kf7 38. f4 e4 39. Kd4 Rd8 40. Ra7+ Kf8 41. Nd7+ Ke8 42. Nf6+ Kf8 43. Nxd5 e3 44. Kxe3 Rxd5 45. c4 Rd1 46. Ra8+ Ke7 47. Ra6 Kf7 48. b5 Rc1 49. Rc6 Ke7 50. b6 Kd7 51. Rc7+ Kd8 52. c5 Rc3+ 53. Kf2 Rc4 54. Kg2 Rc2+ 55. Kh3 Rc1 56. Rg7 Rxc5 57. b7 Rb5 58. Rxg6 Rxb7 59. Rg5 Rh7 60. Rxf5 Ke7 61. Ra5 Kf6 62. Kg2 Ke6 63. Kf3 Kf6 64. Rb5 Ke6 65. Ke4 Kf6 66. Rb6+ Kg7 67. Kf5 Rh8 68. Rb7+ Kh6 69. Rb6+ Kg7 70. Kg5 Rd8 71. f5 Rd4 72. Rb7+ Kf8 73. Kxh5 Rd6 74. Kg5 Rd5 75. Kg6 Rd6+ 76. f6 Ke8 77. Rb8+ Kd7 78. Kg7 Rd3 79. f7 Rxg3+ 80. Kf8 Rg4 81. Rb1 Rxh4 82. Rd1+ Ke6 83. Re1+ Kd7 84. Rg1 Rf4 85. Rg6 Rf5 86. Kg8 Ke7 87. Rg7 Rf6 88. f8=Q+ Ke6 89. Re7+ Kf5 90. Qxf6+ Kxf6 91. Kf8 Kf5 92. Kf7 Kg5 93. Re5+ Kf4 94. Kf6 Kf3 95. Kg5 Kg3 1-0

[Event "3rd FIDE WCCC Blitz U10 2019"]
[Site "Minsk"]
[Date "2019.08.18"]
[Round "7.2"]
[White "Vetokhin, Savva"]
[Black "Korovko, Iakov"]
[Result "1-0"]
[ECO "C04"]
[WhiteElo "2016"]
[BlackElo "1373"]
[Annotator "NA"]
[PlyCount "83"]
[EventDate "2019.08.18"]
[EventType "swiss"]
[EventCountry "BLR"]
[SourceTitle "playchess.com"]
[Source "ChessBase"]
[SourceQuality "1"]
[TimeControl "300+2"]

1. e4 e6 2. d4 d5 3. Nd2 Nc6 4. Ngf3 Nf6 5. Bd3 Nb4 6. e5 Nxd3+ 7. cxd3 Nd7 8. O-O Be7 9. Nb3 O-O 10. Be3 b6 11. Rc1 Bb7 12. Qd2 Rc8 13. Bg5 Bxg5 14. Nxg5 h6 15. Nf3 Qe7 16. Rc2 c5 17. Rfc1 Rc7 18. dxc5 bxc5 19. Na5 Rfc8 20. b4 Ba6 21. bxc5 Nxc5 22. Qb4 Bxd3 23. Rc3 Na6 24. Qxe7 Rxc3 25. Rxc3 Rxc3 26. h3 Be4 27. Qe8+ Kh7 28. Qxf7 Bxf3 29. gxf3 d4 30. Nb3 d3 31. Qf4 Nc5 32. Nxc5 Rxc5 33. Qe4+ g6 34. Qxd3 a5 35. Qd7+ Kg8 36. Qe8+ Kh7 37. Qe7+ Kg8 38. Qxc5 Kf7 39. Qc7+ Kg8 40. Qxa5 g5 41. Qc7 h5 42. a4 1-0

[Event "3rd FIDE WCCC Blitz U10 2019"]
[Site "Minsk"]
[Date "2019.08.18"]
[Round "7.3"]
[White "Simbelov, Roman T."]
[Black "Zverev, Lev"]
[Result "1/2-1/2"]
[ECO "C50"]
[WhiteElo "1603"]
[BlackElo "1881"]
[Annotator "NA"]
[PlyCount "72"]
[EventDate "2019.08.18"]
[EventType "swiss"]
[EventCountry "BLR"]
[SourceTitle "playchess.com"]
[Source "ChessBase"]
[SourceQuality "1"]
[TimeControl "300+2"]

1. e4 e5 2. Nf3 Nc6 3. Bc4 Bc5 4. d3 Nf6 5. Nc3 d6 6. Be3 Bb6 7. Qd2 h6 8. h3 Be6 9. Bb3 Qd7 10. g4 O-O-O 11. O-O-O Na5 12. d4 exd4 13. Nxd4 Nxb3+ 14. Nxb3 Qe7 15. Bxb6 axb6 16. Qe3 Rhe8 17. Rhe1 Qf8 18. Nd4 Bd7 19. Qd2 Bc6 20. f3 Kb8 21. Kb1 Qe7 22. Nf5 Qf8 23. Nd4 Bd7 24. Re2 c5 25. Ndb5 Bc6 26. Qf4 Bxb5 27. Nxb5 Re6 28. Red2 Ne8 29. e5 d5 30. Rxd5 Rxd5 31. Rxd5 Nc7 32. Nxc7 Kxc7 33. Qa4 Qe7 34. f4 f6 35. Qe4 fxe5 36. Rxe5 Qd7 1/2-1/2

[Event "3rd FIDE WCCC Blitz U10 2019"]
[Site "Minsk"]
[Date "2019.08.18"]
[Round "7.4"]
[White "Gusev, Mikhail"]
[Black "Navoyan, Gagik"]
[Result "0-1"]
[ECO "A46"]
[WhiteElo "1598"]
[BlackElo "1698"]
[Annotator "NA"]
[PlyCount "79"]
[EventDate "2019.08.18"]
[EventType "swiss"]
[EventCountry "BLR"]
[SourceTitle "playchess.com"]
[Source "ChessBase"]
[SourceQuality "1"]
[TimeControl "300+2"]

1. d4 Nf6 2. Nf3 e6 3. e3 Be7 4. Bd3 b6 5. O-O O-O 6. c4 Bb7 7. Nc3 d6 8. d5 e5 9. Ng5 h6 10. Nge4 Nxe4 11. Bxe4 f5 12. Bc2 Qe8 13. Ba4 Qg6 14. a3 a5 15. b3 Na6 16. Bb2 Nc5 17. Bc6 Rab8 18. b4 Na6 19. Bxb7 Rxb7 20. Nb5 Bd8 21. Qd2 f4 22. bxa5 Nc5 23. axb6 f3 24. g3 Rxb6 25. Kh1 Nb3 26. Qb4 Nxa1 27. Bxa1 Qg4 28. Rg1 Rf5 29. Qe1 Rh5 30. Qf1 Rh3 31. a4 Qh5 32. Rg2 fxg2+ 33. Qxg2 Qd1+ 34. Qg1 Qxg1+ 35. Kxg1 Ra6 36. Kg2 Rh5 37. Nc3 Rf5 38. e4 Rf8 39. Bb2 Bg5 40. h4 0-1

[Event "3rd FIDE WCCC Blitz U10 2019"]
[Site "Minsk"]
[Date "2019.08.18"]
[Round "7.5"]
[White "Dyachuk, Artem"]
[Black "Rudnev, Andrei"]
[Result "0-1"]
[ECO "E73"]
[WhiteElo "1665"]
[BlackElo "1639"]
[Annotator "NA"]
[PlyCount "92"]
[EventDate "2019.08.18"]
[EventType "swiss"]
[EventCountry "BLR"]
[SourceTitle "playchess.com"]
[Source "ChessBase"]
[SourceQuality "1"]
[TimeControl "300+2"]

1. d4 Nf6 2. c4 g6 3. Nc3 Bg7 4. e4 d6 5. Be2 O-O 6. Bg5 Nbd7 7. Nf3 e5 8. dxe5 dxe5 9. O-O Re8 10. Rc1 c6 11. Qc2 Qc7 12. Rfd1 Nc5 13. b4 Ne6 14. Be3 Ng4 15. Bd2 Nd4 16. Qb1 Rd8 17. Bg5 f6 18. Bh4 Be6 19. h3 Nh6 20. Qb2 Nxe2+ 21. Qxe2 Nf7 22. Nd5 cxd5 23. cxd5 Qe7 24. dxe6 Qxe6 25. Rxd8+ Rxd8 26. Rc7 Rd7 27. Qc4 Qxc4 28. Rxc4 g5 29. Bg3 Nd6 30. Rc5 Nxe4 31. Rc8+ Kf7 32. Ra8 a6 33. a4 h5 34. h4 g4 35. Ne1 f5 36. Bh2 f4 37. Kf1 Bf6 38. f3 Nd2+ 39. Ke2 Bxh4 40. Nd3 Bf6 41. Kxd2 h4 42. fxg4 e4 43. Bxf4 Rxd3+ 44. Ke2 Rb3 45. g5 Bg7 46. Bd2 e3 0-1

[Event "3rd FIDE WCCC Blitz U10 2019"]
[Site "Minsk"]
[Date "2019.08.18"]
[Round "7.6"]
[White "Toktomushev, Teimur"]
[Black "Boykov, Pavel"]
[Result "0-1"]
[ECO "A48"]
[WhiteElo "1611"]
[BlackElo "1553"]
[Annotator "NA"]
[PlyCount "76"]
[EventDate "2019.08.18"]
[EventType "swiss"]
[EventCountry "BLR"]
[SourceTitle "playchess.com"]
[Source "ChessBase"]
[SourceQuality "1"]
[TimeControl "300+2"]

1. d4 Nf6 2. Nf3 g6 3. Bf4 Bg7 4. e3 O-O 5. c3 d6 6. h3 Nbd7 7. Be2 b6 8. Nbd2 Bb7 9. O-O c5 10. a4 a6 11. Nc4 b5 12. axb5 axb5 13. Na3 b4 14. cxb4 cxb4 15. Nc4 Qc7 16. Qb3 Nd5 17. Bg3 N7b6 18. Rac1 Qd8 19. Nfd2 Nxc4 20. Bxc4 Qa5 21. Kh2 Nf6 22. Be2 Bd5 23. Bc4 Bxc4 24. Nxc4 Qb5 25. Ra1 Nd5 26. Bh4 h6 27. Nd2 g5 28. Bg3 Nb6 29. h4 Rfc8 30. Rfc1 Bf6 31. hxg5 hxg5 32. Rxc8+ Rxc8 33. Ra7 Kg7 34. Kg1 Rc1+ 35. Kh2 Qe8 36. Kh3 Qc8+ 37. Kh2 Qh8+ 38. Bh4 Qxh4# {[%emt 0:00:01] Qd1} 0-1

[Event "3rd FIDE WCCC Blitz U10 2019"]
[Site "Minsk"]
[Date "2019.08.18"]
[Round "8.1"]
[White "Vetokhin, Savva"]
[Black "Usov, Aleksandr E."]
[Result "0-1"]
[ECO "B15"]
[WhiteElo "2016"]
[BlackElo "1919"]
[Annotator "NA"]
[PlyCount "92"]
[EventDate "2019.08.18"]
[EventType "swiss"]
[EventCountry "BLR"]
[SourceTitle "playchess.com"]
[Source "ChessBase"]
[SourceQuality "1"]
[TimeControl "300+2"]

1. e4 c6 2. d4 d5 3. Nc3 dxe4 4. Nxe4 Nf6 5. Nxf6+ exf6 6. c3 Bd6 7. Bd3 O-O 8. Ne2 Re8 9. O-O h5 10. Bf4 Be6 11. Qd2 g6 12. Bxd6 Qxd6 13. Nf4 Nd7 14. Rfe1 Nf8 15. Rad1 b5 16. b3 Rad8 17. Be4 f5 18. Bf3 Bd5 19. Bxd5 cxd5 20. Nd3 Nd7 21. Rxe8+ Rxe8 22. Re1 Re4 23. f3 Re6 24. Re2 Qe7 25. Kf2 Qh4+ 26. Kg1 Qe7 27. Nf4 Rxe2 28. Qxe2 Qd6 29. Nd3 Kf8 30. Qe3 Qc7 31. Nb4 Nb6 32. Na6 Qe7 33. Qxe7+ Kxe7 34. Nc7 b4 35. Nxd5+ Nxd5 36. c4 Nc3 37. d5 Nxa2 38. c5 Nc3 39. d6+ Kd7 40. Kf2 a5 41. Ke3 a4 42. bxa4 Nxa4 43. Kd3 b3 44. Kd2 Nxc5 45. Kc3 Kxd6 46. f4 Kd5 {[%emt 0:00:02] Kd4+} 0-1

[Event "3rd FIDE WCCC Blitz U10 2019"]
[Site "Minsk"]
[Date "2019.08.18"]
[Round "8.2"]
[White "Vershinin, Igor"]
[Black "Boykov, Pavel"]
[Result "0-1"]
[ECO "A00"]
[WhiteElo "2188"]
[BlackElo "1553"]
[Annotator "ChessBase"]
[PlyCount "112"]
[EventDate "2019.08.18"]
[EventType "swiss"]
[EventCountry "BLR"]
[SourceTitle "playchess.com"]
[Source "ChessBase"]
[SourceQuality "1"]
[TimeControl "300+2"]

1. a3 Nf6 2. d4 g6 3. c3 Bg7 4. Nd2 O-O 5. e4 d6 6. Ngf3 Nbd7 7. Bd3 e5 8. O-O a5 9. Re1 c6 10. a4 Nh5 11. Nf1 Qe8 12. Be3 h6 13. Qd2 Kh7 14. Ng3 Nxg3 15. hxg3 Nf6 16. dxe5 dxe5 17. Bc5 Rg8 18. Rad1 Bg4 19. Bf1 Nd7 20. Bd6 Be6 21. c4 b6 22. Qc3 f6 23. b3 Bf8 24. Bxf8 Qxf8 25. Rd2 Qe7 26. Red1 Nc5 27. Qe3 Rad8 28. Rxd8 Rxd8 29. Rxd8 Qxd8 30. Nd2 Qd6 31. f4 Bf7 32. Kf2 Qc7 33. f5 g5 34. g4 Qd8 35. Ke1 Qd6 36. Be2 Be8 37. Kd1 Kg7 38. Kc2 Kf8 39. Qc3 Na6 40. Kb2 Nb4 41. Nf3 c5 42. Qe1 Bc6 43. Bd1 Nd3+ 44. Kc3 Nxe1 45. Nxe1 Qxd1 46. Nf3 Bxe4 47. Nd2 Bxg2 48. b4 Qc1+ 49. Kd3 Bf1+ 50. Nxf1 Qxf1+ 51. Ke4 axb4 52. Kd5 b3 53. a5 bxa5 54. Ke6 b2 55. Kd6 b1=Q 56. Kd7 h5 0-1

[Event "3rd FIDE WCCC Blitz U10 2019"]
[Site "Minsk"]
[Date "2019.08.18"]
[Round "8.3"]
[White "Navoyan, Gagik"]
[Black "Rudnev, Andrei"]
[Result "1-0"]
[ECO "B13"]
[WhiteElo "1698"]
[BlackElo "1639"]
[Annotator "NA"]
[PlyCount "87"]
[EventDate "2019.08.18"]
[EventType "swiss"]
[EventCountry "BLR"]
[SourceTitle "playchess.com"]
[Source "ChessBase"]
[SourceQuality "1"]
[TimeControl "300+2"]

1. e4 c6 2. d4 d5 3. exd5 cxd5 4. c4 Nf6 5. Nc3 Nc6 6. Nf3 Bg4 7. cxd5 Nxd5 8. Qb3 Nxc3 9. bxc3 Bxf3 10. gxf3 Qc7 11. Rb1 Rb8 12. d5 Ne5 13. Bb5+ Nd7 14. c4 b6 15. Be3 g6 16. Bd4 f6 17. Qe3 Bg7 18. Qe6 Qd6 19. Qxd6 exd6 20. O-O Rd8 21. Rfe1+ Kf7 22. Re6 Nc5 23. Bxc5 dxc5 24. Rbe1 Bf8 25. Kg2 Bd6 26. Bc6 g5 27. R6e3 h5 28. Ra3 Bb8 29. Re6 h4 30. h3 Rhf8 31. Rae3 Bd6 32. Ra3 Bb8 33. Ra6 Kg7 34. Ra3 Kf7 35. Rb3 Rd6 36. Rbe3 Rxe6 37. Rxe6 Rd8 38. Kf1 Be5 39. Ke2 Rc8 40. Kd3 Rd8 41. Ke4 Kg6 42. Re7 a5 43. Rb7 Rd6 44. Rxb6 1-0